 Dungeon Sprint DCSS version 0.20.1-1-g8b1a95d (webtiles) character file.

12600000 pkoi the Axe Maniac (level 27, -56/273 HPs)
             Began as a Minotaur Gladiator on Oct 16, 2017.
             Was the Champion of Makhleb.
             Killed from afar by a scourge (74 damage)
             ... with a poison arrow
             ... in the Dungeon (Sprint VIII: "Arena of Blood").
             The game lasted 00:07:12 (126 turns).

pkoi the Axe Maniac (Minotaur Gladiator)             Turns: 126, Time: 00:07:14

Health: -56/273    AC:  6    Str: 29    XL:     27
Magic:  41/53      EV: 32    Int:  5    God:    Makhleb [******]
Gold:   0          SH:  0    Dex: 15    Spells: 80/80 levels left

rFire    . . .     SeeInvis .   l - +∞ Axe of Woe
rCold    . . .     Gourm    .   (shield currently unavailable)
rNeg     . . .     Faith    .   b - +0 leather armour
rPois    .         Spirit   .   c - +0 hat
rElec    .         Reflect  .   (no cloak)
rCorr    .         Harm     .   (no gloves)
MR       ++...     NoTele   +   (no boots)
Stlth    +++++++++.             (no amulet)
Regen    0.6/turn               (no ring)
MPRegen  0.4/turn               (no ring)

@: lethally poisoned (-56 -> -274)
A: retaliatory headbutt, horns 2
a: Minor Destruction, Lesser Servant of Makhleb, Major Destruction, Greater
Servant of Makhleb, Renounce Religion


You were in the Dungeon.
You worshipped Makhleb.
Makhleb was exalted by your worship.
You were not hungry.

You visited 1 branch

Inventory:

Hand Weapons
 a - a +0 war axe
 l - the +∞ Axe of Woe (weapon)
   (You found it in the Dungeon)
Missiles
 d - 3 throwing nets (quivered)
Armour
 b - a +0 leather armour (worn)
 c - a +0 hat (worn)
Scrolls
 k - a scroll of blinking
Potions
 e - a potion of curing
 g - a potion of heal wounds
 h - a potion of haste
 i - 2 potions of magic
 j - a potion of berserk rage
Comestibles
 f - a bread ration


   Skills:
 O Level 27 Fighting
 O Level 27 Axes
 O Level 27 Throwing
 O Level 27 Armour
 O Level 27 Dodging
 O Level 27 Stealth
 O Level 27 Unarmed Combat
 O Level 27 Spellcasting
 O Level 27 Invocations


You had 80 spell levels left.
You didn't know any spells.

Dungeon Overview and Level Annotations

Branches:
Dungeon (1/1)

Altars:
Makhleb


Innate Abilities, Weirdness & Mutations

You reflexively headbutt those who attack you in melee.
You have a pair of horns on your head.


Message History

You destroy the crawling corpse!
You are engulfed in poison gas.
You are more poisoned.
* * * LOW HITPOINT WARNING * * *
You feel extremely sick.
You hear a shout!
The scourge breathes poison at you. The blast of poison engulfs you!
You are more poisoned.
* * * LOW HITPOINT WARNING * * *
The fleshlord gestures wildly while chanting.
The fleshlord seems to speed up.
You hear a shout!
Your Executioner gestures.
Your Executioner seems to speed up.
You hear a shout! x2
The scourge throws poison arrow at you. The poison arrow hits you!
You are more poisoned.
You die...

.#... #... ..#
#......###... ..###.
............###......
....#....O..._......
...#.Vp...p#.....#
#..........#_)<._#
...#{..S.)X#)....#..
.o.o.#..§D1§))_......
......).)§@§)###......
......o)###§§.....###.
.......)§§#§§.....#
........§)#..§....#
.#..%...†§§...S.....
#.#.#....%...p......
.#.#................
#%#.#.%...%........#
.#.#%...%#........#


You could see an eight-headed meat hydra, a destroyer, 2 scourges, 3 fleshlords,
a large abomination, a meat berserker (berserk), 2 bags of meat and a friendly
Executioner.

Vanquished Creatures
  Sigmund (D)
  10 hell beasts (D)
  A greater mummy (D)
  4 great orbs of eyes (D)
  4 wraiths (D)
  15 vampire knights (D)
  33 ogres (D)
  7 two-headed ogres (D)
  5 liches (D)
  2 hydras (D)
  48 orcs (D)
  A phantom (D)
  3 skeletal warriors (D)
  A sea snake (D)
  9 large abominations (D)
  5 small abominations (D)
  9 crawling corpses (D)
158 creatures vanquished.

Vanquished Creatures (others)
  An orc (D)
  A crawling corpse (D)
2 creatures vanquished.

Grand Total: 160 creatures vanquished

Notes
Turn   | Place    | Note
-------+----------+-------------------------------------------
     0 | D        | pkoi the Minotaur Gladiator began the quest for the Orb.
     0 | D        | Reached XP level 1. HP: 18/18 MP: 0/0
     3 | D        | Noticed a bag of meat
     3 | D        | Noticed a bag of meat
     4 | D        | Became a worshipper of Makhleb the Destroyer
     5 | D        | Noticed a meat berserker
     5 | D        | Noticed a bag of meat
     5 | D        | Killed a bag of meat
     5 | D        | Reached skill level 27 in Axes
     5 | D        | Reached skill level 10 in Fighting
     5 | D        | Reached XP level 2. HP: 38/38 MP: 1/1
     5 | D        | Reached XP level 3. HP: 45/45 MP: 2/2
     5 | D        | Reached XP level 4. HP: 51/51 MP: 3/3
     5 | D        | Reached XP level 5. HP: 58/58 MP: 4/4
     5 | D        | Reached XP level 6. HP: 66/66 MP: 5/5
     5 | D        | Reached XP level 7. HP: 72/72 MP: 6/6
     5 | D        | Reached XP level 8. HP: 79/79 MP: 7/7
     5 | D        | Reached XP level 9. HP: 85/85 MP: 8/8
     5 | D        | Reached XP level 10. HP: 93/93 MP: 9/9
     5 | D        | Reached XP level 11. HP: 99/99 MP: 10/10
     7 | D        | Killed a bag of meat
     7 | D        | Reached * piety under Makhleb
     7 | D        | Reached skill level 15 in Fighting
     7 | D        | Reached skill level 15 in Armour
     7 | D        | Reached XP level 12. HP: 121/121 MP: 11/11
     8 | D        | Killed a bag of meat
     8 | D        | Reached XP level 13. HP: 134/134 MP: 12/12
     8 | D        | Noticed a bag of meat
     9 | D        | Killed a meat berserker
     9 | D        | Reached XP level 14. HP: 152/152 MP: 13/13
    10 | D        | Noticed a bag of meat
    10 | D        | Killed a bag of meat
    10 | D        | Reached ** piety under Makhleb
    10 | D        | Reached XP level 15. HP: 163/163 MP: 14/14
    12 | D        | Noticed a meat berserker
    12 | D        | Noticed a large bag of meat
    13 | D        | Noticed a meat berserker
    14 | D        | Noticed a meat berserker
    15 | D        | Killed a meat berserker
    15 | D        | Reached skill level 10 in Invocations
    15 | D        | Reached XP level 16. HP: 182/182 MP: 14/23
    16 | D        | Noticed a meat berserker
    16 | D        | Noticed a meat berserker
    16 | D        | Killed a meat berserker
    16 | D        | Reached *** piety under Makhleb
    16 | D        | Reached skill level 27 in Fighting
    16 | D        | Reached skill level 27 in Armour
    16 | D        | Reached skill level 27 in Dodging
    16 | D        | Reached XP level 17. HP: 191/191 MP: 14/30
    17 | D        | Reached **** piety under Makhleb
    18 | D        | Noticed a meat berserker
    18 | D        | Noticed a meat berserker
    18 | D        | Noticed a meat berserker
    20 | D        | Noticed a meat berserker
    20 | D        | Noticed a destroyer
    20 | D        | Killed a meat berserker
    20 | D        | Reached skill level 27 in Invocations
    20 | D        | Reached skill level 10 in Stealth
    20 | D        | Reached XP level 18. HP: 200/200 MP: 14/34
    21 | D        | Killed a meat berserker
    23 | D        | Noticed a destroyer
    24 | D        | Noticed a large bag of meat
    24 | D        | Noticed a meat berserker
    24 | D        | Killed a meat berserker
    24 | D        | Reached XP level 19. HP: 207/207 MP: 15/36
    26 | D        | Noticed a meat berserker
    26 | D        | Killed a meat berserker
    26 | D        | Reached ***** piety under Makhleb
    27 | D        | Noticed a meat berserker
    28 | D        | Noticed a destroyer
    28 | D        | Killed a meat berserker
    28 | D        | Killed a destroyer
    28 | D        | Reached XP level 20. HP: 216/216 MP: 16/42
    30 | D        | Noticed a destroyer
    32 | D        | Killed a meat berserker
    32 | D        | Reached skill level 27 in Throwing
    32 | D        | Reached skill level 27 in Stealth
    33 | D        | Killed a meat berserker
    33 | D        | Reached XP level 21. HP: 224/224 MP: 17/48
    34 | D        | Reached skill level 27 in Spellcasting
    38 | D        | Noticed a large bag of meat
    38 | D        | Killed a large bag of meat
    38 | D        | Killed a destroyer
    38 | D        | Reached skill level 27 in Unarmed Combat
    38 | D        | Reached XP level 22. HP: 233/233 MP: 19/52
    39 | D        | Noticed a destroyer
    40 | D        | Noticed a large bag of meat
    42 | D        | Noticed a destroyer
    42 | D        | Reached XP level 23. HP: 240/240 MP: 20/53
    43 | D        | Noticed a destroyer
    44 | D        | Noticed a destroyer
    44 | D        | Noticed a destroyer
    44 | D        | Killed a large bag of meat
    44 | D        | Reached XP level 24. HP: 249/249 MP: 20/53
    44 | D        | Killed a large bag of meat
    45 | D        | Noticed a destroyer
    45 | D        | Noticed a destroyer
    45 | D        | Noticed a large bag of meat
    46 | D        | Killed a destroyer
    47 | D        | Reached ****** piety under Makhleb
    47 | D        | Killed a destroyer
    47 | D        | Reached XP level 25. HP: 257/257 MP: 21/53
    51 | D        | Noticed a destroyer
    52 | D        | Killed a large bag of meat
    52 | D        | Killed a destroyer
    53 | D        | Killed a destroyer
    53 | D        | Reached XP level 26. HP: 266/266 MP: 22/53
    54 | D        | Noticed a large bag of meat
    56 | D        | Killed a large bag of meat
    58 | D        | Killed a large bag of meat
    58 | D        | Reached XP level 27. HP: 273/273 MP: 24/53
    58 | D        | Killed a destroyer
    60 | D        | Killed a destroyer
    60 | D        | Killed a destroyer
    61 | D        | Killed a destroyer
    63 | D        | Noticed The Captor
    68 | D        | Killed a destroyer
    69 | D        | Noticed a destroyer
    69 | D        | Killed The Captor
    70 | D        | Killed a destroyer
    72 | D        | Noticed a dread
    73 | D        | Noticed a large bag of meat
    73 | D        | Noticed a tyrant
    74 | D        | Noticed a destroyer
    76 | D        | Killed a dread
    77 | D        | Noticed a dread
    78 | D        | Noticed a meat beast
    78 | D        | Killed a meat beast
    78 | D        | Killed a destroyer
    79 | D        | Noticed a meat beast
    80 | D        | Noticed a meat beast
    80 | D        | Killed a meat beast
    84 | D        | Killed a meat beast
    85 | D        | Noticed an accursed
    85 | D        | Killed a tyrant
    87 | D        | Noticed a meat beast
    87 | D        | Killed a dread
    88 | D        | Killed an accursed
    88 | D        | Killed a large bag of meat
    89 | D        | Noticed a meat beast
    89 | D        | Noticed a meat beast
    89 | D        | Killed a destroyer
    92 | D        | Killed a meat beast
    92 | D        | Killed a meat beast
    92 | D        | Killed a meat beast
    93 | D        | Noticed a meat beast
    99 | D        | Noticed a tyrant
   100 | D        | Noticed a meat beast
   101 | D        | Noticed a meat beast
   101 | D        | Noticed a tyrant
   101 | D        | Killed a meat beast
   102 | D        | Noticed a destroyer
   104 | D        | Noticed a tyrant
   106 | D        | Noticed a tyrant
   106 | D        | Killed a meat beast
   106 | D        | Killed a meat beast
   108 | D        | Noticed a meat beast
   109 | D        | Noticed a dread
   109 | D        | Noticed a dread
   110 | D        | Killed a tyrant
   111 | D        | Killed a tyrant
   114 | D        | Killed a tyrant
   114 | D        | Killed a meat beast
   115 | D        | Killed a tyrant
   122 | D        | Killed a destroyer
   122 | D        | Killed a dread
   123 | D        | Noticed a fleshlord
   123 | D        | Noticed a fleshlord
   123 | D        | Killed a dread
   125 | D        | Noticed a destroyer
   126 | D        | Noticed a fleshlord
   126 | D        | Killed from afar by a scourge

Skill      XL: |  1  2  3  4  5  6  7  8  9 10 11 12 13 14 15 16 17 18 19 20 21 |
---------------+----------------------------------------------------------------+-----
Axes           | 27 | 27.0
Fighting       | 10 15 18 21 23 26 27 | 27.0
Armour         | 9 15 18 21 23 26 27 | 27.0
Dodging        | 9 14 17 20 21 24 27 | 27.0
Invocations    | 10 20 27 | 27.0
Throwing       | 11 19 26 27 | 27.0
Stealth        | 10 17 24 27 | 27.0
Spellcasting   | 8 14 19 24 27 | 27.0
Unarmed Combat | 27 | 27.0

Action                   |  1- 3 |  4- 6 |  7- 9 | 10-12 | 13-15 | 16-18 | 19-21 | 22-24 | 25-27 || total
-------------------------+-------+-------+-------+-------+-------+-------+-------+-------+-------++-------
Melee: Executioner's axe |     1 |       |       |     2 |     3 |     5 |     7 |     6 |    60 ||    84
Invok: Greater Servant o |       |       |       |       |       |       |     3 |     1 |    13 ||    17
       Lesser Servant of |       |       |       |       |       |       |     1 |       |       ||     1
 Stab: Distracted        |       |       |       |       |       |       |       |       |     1 ||     1
Armor: Leather armour    |       |       |       |       |       |       |       |       |     2 ||     2
Dodge: Dodged            |       |       |       |       |       |       |       |     1 |    14 ||    15
